 Dungeon Crawl Stone Soup version 0.30.1-9-gdf580d7c3d (webtiles) character file.

Game seed: 8004200610187026002

10415 eliilek the Basher (level 11, 0/104 HPs)
             Began as a Minotaur Berserker on Oct 8, 2023.
             Was a High Priest of Trog.
             Slain by a chaos spawn (6 damage)
             ... summoned by a kobold demonologist
             ... on level 11 of the Dungeon on Oct 9, 2023.
             The game lasted 00:29:21 (9863 turns).

eliilek the Basher (Minotaur Berserker)             Turns: 9863, Time: 00:29:22

Health: 0/104      AC: 16    Str: 23    XL:     11   Next: 35%
Magic:  10/10      EV: 10    Int:  4    God:    Trog [*****.]
Gold:   208        SH:  0    Dex: 13    Spells: 10/10 levels left

rFire   . . .        a - +2 flail (protect)
rCold   . . .        (no shield)
rNeg    + . .        q - +0 plate armour
rPois   +            (helmet restricted)
rElec   .            (no cloak)
rCorr   .            m - +0 pair of gloves
SInv    .            u - +0 pair of boots
Will    .....        (no amulet) Stlth
                     B - ring of positive energy
HPRegen 0.37/turn    D - +4 ring of protection
MPRegen 0.12/turn

%: no passive effects
@: no status effects
A: horns 2, retaliatory headbutt, deformed body, poison resistance
a: Renounce Religion, Berserk, Trog's Hand, Brothers in Arms


You were on level 11 of the Dungeon.
You worshipped Trog.
Trog was extremely pleased with you.
You visited 1 branch of the dungeon, and saw 13 of its levels.

You collected 603 gold pieces.
You spent 395 gold pieces at shops.

Inventory:

Hand Weapons
 a - a +2 flail of protection (weapon)
Missiles
 p - 29 poisoned darts (quivered)
 E - 4 curare-tipped darts
Armour
 m - a +0 pair of gloves (worn)
 q - a +0 plate armour (worn)
 u - a +0 pair of boots (worn)
Jewellery
 B - a ring of positive energy (left hand)
 D - a +4 ring of protection (right hand)
Wands
 l - a wand of digging (3)
 y - a wand of roots (17)
 I - a wand of polymorph (13)
Scrolls
 c - 4 scrolls of fear
 d - a scroll of acquirement {unknown}
 f - a scroll of amnesia {unknown}
 k - 2 scrolls of fog {unknown}
 n - a scroll of torment {unknown}
 o - 2 scrolls of silence {unknown}
 s - a scroll of enchant weapon {unknown}
 w - a scroll of butterflies {unknown}
 z - 5 scrolls of poison {unknown}
 A - 4 scrolls of teleportation
 C - 4 scrolls of blinking
 G - 4 scrolls of enchant armour
Potions
 b - 2 potions of flight
 e - 2 potions of berserk rage
 g - a potion of ambrosia
 h - a potion of might
 i - a potion of cancellation
 j - 3 potions of curing
 r - a potion of heal wounds
 v - 3 potions of haste
 x - a potion of degeneration {unknown}
 F - 2 potions of lignification {unknown}
 H - a potion of mutation {unknown}


   Skills:
 + Level 11.7 Fighting
 * Level 13.0 Maces & Flails
 - Level 9.9 Armour
 - Level 9.1 Dodging


You had 10 spell levels left.
You didn't know any spells.
Your spell library was empty.

Dungeon Overview and Level Annotations

Branches:
Dungeon (13/15)            Temple (0/1) D:7             Orc (0/2) D:9
   Lair: D:8-11      Vaults: D:13-14

Altars:
Yredelemnul

Shops:
D:1 =??   D:8 ?:[!

Annotations:
D:9 3 runed translucent doors, Fractals's ghost, journeyman HuEn


Innate Abilities, Weirdness & Mutations

You have a pair of horns on your head.
You reflexively headbutt those who attack you in melee.
Armour fits poorly on your strangely shaped body.
Your system is resistant to poisons. (rPois)


Message History

Your Maces & Flails skill increases to level 13!
The barbed spikes dig painfully into your body as you move.
* * * LOW HITPOINT WARNING * * *
The barbed spikes dig painfully into your body as you move.
* * * LOW HITPOINT WARNING * * *
Okay, then.
There is nothing to cancel.
The barbed spikes dig painfully into your body as you move.
* * * LOW HITPOINT WARNING * * *
The barbed spikes dig painfully into your body as you move.
* * * LOW HITPOINT WARNING * * *
The kobold brigand throws a curare-tipped dart.
The curare-tipped dart closely misses you.
The kobold demonologist gestures wildly while chanting.
You feel much better.
The chaos spawn attacks as you move away!
The chaos spawn hits you but does no damage.
The barbed spikes dig painfully into your body as you move.
The iron imp shouts!
The barbed spikes dig painfully into your body as you move.
The chaos spawn hits you!
* * * LOW HITPOINT WARNING * * *
The chaos spawn shocks you!
* * * LOW HITPOINT WARNING * * *
The barbed spikes dig painfully into your body as you move.
* * * LOW HITPOINT WARNING * * *
You feel better.
You carefully extract the barbed spikes from your body.
The chaos spawn gores you.
* * * LOW HITPOINT WARNING * * *
You are engulfed in flames!
* * * LOW HITPOINT WARNING * * *
The kobold demonologist looks encouraged for a moment.
The kobold demonologist mumbles some strange words.
There is an open door, spattered with blood here.
The chaos spawn attacks as you move away!
The chaos spawn gores you.
* * * LOW HITPOINT WARNING * * *
You are engulfed in flames.
You die...

#.)#..........##
#55.K..........
###..........#
#..KK5.....#
#####.###### #...#
###.## #.4#
#######@#### ####
#..........# [..#
####..........# ...#
#..)..........# ...#
#.##..........# ...#
##.##..........+
...###..##..........#
.......#####+########
...#####


You could see 2 kobold demonologists, a chaos spawn (summoned) and a crimson imp
(summoned).

Vanquished Creatures
  A two-headed ogre (D:11)
  A deep elf pyromancer (D:12)
  5 kobold demonologists
  2 slime creatures (D:12)
  11 yaks
  Menkaure (D:4)
  3 vampire mosquitoes (D:10)
  3 water moccasins
  3 orc warriors
  A hornet zombie (D:6)
  2 ice beasts
  3 black bears
  4 centaurs
  A phantom (D:5)
  3 kobold brigands
  4 bullfrogs (D:7)
  3 scorpions
  2 necrophages (D:6)
  A water moccasin zombie (D:6)
  10 wights
  6 killer bees
  2 centaur zombies (D:6)
  2 hounds
  A bullfrog zombie (D:6)
  A human zombie (D:6)
  2 jellies (D:6)
  7 orc priests
  2 gnoll boudas (D:7)
  3 iguanas
  21 orc wizards
  2 killer bee zombies (D:6)
  A mummy (D:6)
  A howler monkey zombie (D:6)
  9 gnolls
  8 adders
  3 white imps
  An ufetubus (D:5)
  A worm (D:3)
  4 dart slugs
  33 orcs
  6 bats
  11 endoplasms
  3 giant cockroaches
  5 goblins
  5 hobgoblins
  4 jackals (D:1)
  18 kobolds
  3 quokkas
  11 ball pythons
  3 frilled lizards
  10 rats
253 creatures vanquished.

Vanquished Creatures (collateral kills)
  A two-headed ogre (D:8)
  3 yaks (D:8)
  2 wights (D:8)
  3 kobolds (D:8)
9 creatures vanquished.

Grand Total: 262 creatures vanquished

Notes
Turn   | Place    | Note
-------+----------+-------------------------------------------
     0 | D:1      | eliilek the Minotaur Berserker began the quest for the Orb.
     0 | D:1      | Reached XP level 1. HP: 19/19 MP: 0/0
    98 | D:1      | Found Kesav's Magic Scroll Emporium.
   215 | D:1      | Reached XP level 2. HP: 24/27 MP: 1/1
   408 | D:1      | Found Ossixoul's Jewellery Shop.
   437 | D:1      | Reached skill level 4 in Maces & Flails
   442 | D:1      | Reached ** piety under Trog
   711 | D:1      | Found Lameonto's Magic Scroll Shoppe.
   714 | D:1      | Bought a scroll of identify for 26 gold pieces
   894 | D:2      | Reached XP level 3. HP: 33/33 MP: 2/2
  1414 | D:2      | Found a faded altar of an unknown god.
  1673 | D:3      | Reached XP level 4. HP: 40/40 MP: 3/3
  2040 | D:3      | Noticed a scorpion
  2056 | D:3      | Killed a scorpion
  2057 | D:3      | Reached XP level 5. HP: 47/47 MP: 4/4
  2445 | D:4      | Noticed a black bear
  2452 | D:4      | Killed a black bear
  2453 | D:4      | Reached skill level 5 in Fighting
  2453 | D:4      | Reached skill level 5 in Maces & Flails
  2469 | D:4      | Reached *** piety under Trog
  2499 | D:4      | Reached XP level 6. HP: 24/56 MP: 5/5
  3302 | D:4      | Noticed Menkaure
  3309 | D:4      | Killed Menkaure
  3310 | D:4      | Reached skill level 5 in Armour
  3310 | D:4      | Reached XP level 7. HP: 24/62 MP: 6/6
  3558 | D:4      | Reached skill level 6 in Maces & Flails
  3558 | D:4      | Reached skill level 5 in Dodging
  3960 | D:5      | Entered Level 5 of the Dungeon
  4258 | D:5      | Found Qastoc's Magic Scroll Boutique.
  4652 | D:1      | Bought a scroll of identify for 20 gold pieces
  4652 | D:1      | Bought a scroll of identify for 20 gold pieces
  4652 | D:1      | Bought a scroll of blinking for 75 gold pieces
  4652 | D:1      | Bought a scroll of teleportation for 30 gold pieces
  4652 | D:1      | Bought a scroll of identify for 20 gold pieces
  4930 | D:6      | Reached XP level 8. HP: 66/71 MP: 7/7
  5299 | D:5      | Reached skill level 7 in Maces & Flails
  5621 | D:6      | Found a basalt altar of Yredelemnul.
  5666 | D:6      | Reached **** piety under Trog
  6051 | D:7      | Found a staircase to the Ecumenical Temple.
  6082 | D:7      | Reached XP level 9. HP: 81/81 MP: 8/8
  6131 | D:7      | Reached skill level 8 in Maces & Flails
  6957 | D:8      | Found Ateruo's Distillery.
  6960 | D:8      | Bought a potion of heal wounds for 50 gold pieces
  6960 | D:8      | Bought a potion of might for 40 gold pieces
  6960 | D:8      | Bought a potion of curing for 30 gold pieces
  7195 | D:8      | Noticed a two-headed ogre
  7200 | D:8      | Killed a two-headed ogre
  7201 | D:8      | Reached skill level 9 in Maces & Flails
  7222 | D:8      | Reached XP level 10. HP: 67/91 MP: 9/9
  7976 | D:8      | Found Borreede's Antique Armour Boutique.
  7978 | D:8      | Found Tisunuda's Book Boutique.
  7980 | D:8      | Found Qaugaosm's Magic Scroll Boutique.
  8073 | D:8      | Reached ***** piety under Trog
  8078 | D:8      | Bought a scroll of identify for 28 gold pieces
  8078 | D:8      | Bought a scroll of identify for 28 gold pieces
  8078 | D:8      | Bought a scroll of identify for 28 gold pieces
  8286 | D:9      | Found a staircase to the Orcish Mines.
  8412 | D:8      | Reached skill level 10 in Fighting
  8412 | D:8      | Reached skill level 10 in Maces & Flails
  8645 | D:9      | Identified the +4 rapier "Hymez" {venom, +Blink rF+ Will+}
  8900 | D:9      | Found a runed translucent gate.
  8900 | D:9      | Found a runed translucent gate.
  8900 | D:9      | Found a runed translucent gate.
  8903 | D:9      | Noticed Fractals's ghost (journeyman HuEn)
  9066 | D:10     | Entered Level 10 of the Dungeon
  9083 | D:10     | Reached skill level 11 in Maces & Flails
  9085 | D:10     | You fall into a shaft and drop 3 floors!
  9105 | D:13     | Noticed a cyclops
  9351 | D:12     | Noticed a sixfirhy
  9368 | D:12     | Noticed a sun demon
  9372 | D:12     | Reached XP level 11. HP: 101/102 MP: 10/10
  9477 | D:12     | Noticed a deep elf pyromancer
  9493 | D:12     | Killed a deep elf pyromancer
  9537 | D:11     | Noticed a two-headed ogre
  9550 | D:11     | Killed a two-headed ogre
  9551 | D:11     | Reached skill level 12 in Maces & Flails
  9819 | D:11     | Gained mutation: Your system is resistant to poisons.
                  | (rPois) [a neqoxec]
  9826 | D:11     | Gained mutation: Armour fits poorly on your strangely
                  | shaped body. [a neqoxec]
  9829 | D:11     | Noticed a sixfirhy
  9851 | D:11     | Reached skill level 13 in Maces & Flails
  9863 | D:11     | Slain by a chaos spawn

Illustrated notes

Levels and vault maps discovered:
D:1:      sevenhm_arrival_forest_fort_small_4, layout_basic, serial_shops,
          nicolae_shop_rolled_up, shop, shop, minmay_misc_feat_iff,
          ebering_dispersal_statue_hall, serial_bayou_crossing
D:2:      layout_basic, hellmonk_ecumenical_altar_inner_sanctum,
          kennysheep_decorative_pillar, minmay_misc_feat_rugged
D:3:      layout_loops_ring, hangedman_decor_points,
          chequers_serial_rivers_micro_a, mrwooster_statue_mirror
D:4:      layout_gridville, minmay_ruptured, uniq_menkaure
D:5:      layout_cave_pools, serial_shops, shop
D:6:      layout_loops_cross, lemuel_mausoleum_altar_yredelemnul
D:7:      layout_basic, minmay_temple_entry_offerings, minmay_misc_feat_doors,
          serial_park_tiny_1
D:8:      layout_basic, minmay_door_square, nicolae_shop_distant_corner_stores,
          kennysheep_cross_bottleneck, nicolae_stop_n_shop_2,
          nicolae_concentric_dashed_squares_wild, serial_bayou_pond_e,
          minmay_manual_mullet
D:9:      layout_rooms, orc_0_dummy, gammafunk_ghost_nasty_kobolds,
          small_statue_intersection
D:10:     layout_loops_ring, mainiacjoe_overflow_catwalk_spiral,
          dpeg_lair_monsters, serial_ice, serial_ice_g, serial_ice_n,
          serial_ice_e, serial_ice_b
D:11:     layout_roguey, uniq_josephine, uniq_maurice
D:12:     layout_long_grid, serial_rivers, chequers_serial_rivers_micro_c,
          chequers_serial_rivers_room_a, chequers_serial_rivers_small_b,
          chequers_serial_rivers_micro_a, chequers_serial_rivers_small_a,
          chequers_serial_rivers_room_b
D:13:     layout_irregular_city, david_vaults_1, nicolae_twisting_strands,
          minmay_shattered_shrine

Skill      XL: |  1  2  3  4  5  6  7  8  9 10 11 |
---------------+----------------------------------+-----
Maces & Flails | 4 5 6 7 9 11 13 | 13.0
Armour         | 3 4 5 6 7 9 |  9.9
Fighting       | 4 5 6 7 9 11 | 11.7
Dodging        | 3 4 5 6 8 9 |  9.1

Action                     |  1- 3 |  4- 6 |  7- 9 | 10-12 || total
---------------------------+-------+-------+-------+-------++-------
  Melee: Mace              |   106 |   163 |    58 |       ||   327
         Headbutt          |    15 |    19 |    54 |    70 ||   158
         Punch             |     1 |       |     6 |     2 ||     9
         Flail             |       |       |   255 |   307 ||   562
 Invoke: Berserk           |     1 |     2 |       |     1 ||     4
         Trog's Hand       |       |     1 |       |     1 ||     2
         Brothers in Arms  |       |       |     1 |     1 ||     2
    Use: Scroll            |       |       |     7 |     5 ||    12
         Potion            |       |       |       |     2 ||     2
 Armour: Leather armour    |     9 |       |       |       ||     9
         Animal skin       |     1 |       |       |       ||     1
         Scale mail        |    23 |     8 |       |       ||    31
         Plate armour      |       |   128 |   248 |   257 ||   633
  Dodge: Dodged            |    55 |    59 |   133 |   176 ||   423
